 Dungeon Crawl Stone Soup version 0.27-a0-419-g7a85846853 (webtiles) character file.

Game seed: 1611560735102834284

11 Chiseanne the Skirmisher (level 2, 25/25 HPs)
             Began as a Demonspawn Wanderer on Feb 26, 2021.
             Quit the game on level 1 of the Dungeon.
             The game lasted 00:00:25 (700 turns).

Chiseanne the Skirmisher (Demonspawn Wanderer)       Turns: 700, Time: 00:00:25

Health: 25/25      AC:  2    Str:  9    XL:     2   Next: 13%
Magic:  2/2        EV: 12    Int: 14    God:
Gold:   11         SH:  0    Dex: 14    Spells: 1/1 levels left

rFire    . . .     SeeInvis .   a - +0 dagger
rCold    . . .     Faith    .   (no shield)
rNeg     . . .     Spirit   .   e - +0 robe
rPois    .         Reflect  .   (no helmet)
rElec    .         Harm     .   (no cloak)
rCorr    .         Rampage  .   (no gloves)
Will     .....                  (no boots)
Stlth    ++........             (no amulet)
HPRegen  0.08/turn              (no ring)
MPRegen  0.08/turn              (no ring)

@: no status effects
A: claws 1
a: no special abilities


You were on level 1 of the Dungeon.
You visited 1 branch of the dungeon, and saw 1 of its levels.

You collected 11 gold pieces.

Inventory:

Hand Weapons
 a - a +0 dagger (weapon)
Missiles
 g - 16 stones (quivered)
 h - 35 bolts
Armour
 e - a +0 robe (worn)
 k - a +0 leather armour
Scrolls
 b - a scroll of blinking
 d - a scroll of teleportation
 j - a scroll of identify {unknown}
Potions
 c - a potion of curing
 f - a potion of berserk rage
 i - a potion of lignification {unknown}


   Skills:
 * Level 4.2 Fighting
 - Level 1.0 Short Blades
 * Level 1.5 Dodging
 - Level 1.7 Stealth
 - Level 1.0 Unarmed Combat
 - Level 1.0 Evocations


You had one spell level left.
You didn't know any spells.
Your spell library was empty.

Dungeon Overview and Level Annotations

Branches:
Dungeon (1/15)

Altars:


Innate Abilities, Weirdness & Mutations

You have sharp fingernails.


Message History

The ooze quivers.
The ooze hits you.
You hit the ooze.
The ooze is moderately wounded.
The ooze hits you.
You hit the ooze but do no damage.
The ooze is moderately wounded.
The ooze hits you.
You hit the ooze.
The ooze is heavily wounded.
The ooze hits you.
You are too injured to fight recklessly!
You are too injured to fight recklessly!
You are too injured to fight recklessly!
You are too injured to fight recklessly!
You are too injured to fight recklessly!
You are too injured to fight recklessly!
You are too injured to fight recklessly!
You are too injured to fight recklessly!
You are too injured to fight recklessly!
You are too injured to fight recklessly!
You are too injured to fight recklessly!
You are too injured to fight recklessly!
You are too injured to fight recklessly!
You are too injured to fight recklessly!
You are too injured to fight recklessly!
You are too injured to fight recklessly!
You hit the ooze.
The ooze is almost dead.
The ooze hits you.
You hit the ooze but do no damage.
The ooze is almost dead.
The ooze hits you.
You hit the ooze.
You kill the ooze!
You have reached level 2!
You feel monstrous as your demonic heritage exerts itself.
Your demonic ancestry asserts itself...
Your fingernails lengthen.
Are you sure you want to abandon this character and quit the game? (Confirm with "yes".)

.....#### .# .....#
#.#... .....# #.#
.. .....# ####.# ..
.....###....###.###
..................
########....####.##
#....####.)####.#
#........@.......
#......###.####.#
#......# ..#
####...# #.# #.$.#
.. #...# #.# #...#
.# ##### .#


There were no monsters in sight!

Vanquished Creatures
  An ooze (D:1)
  A dart slug (D:1)
  A leopard gecko (D:1)
  A hobgoblin (D:1)
  A frilled lizard (D:1)
5 creatures vanquished.

Notes
Turn   | Place    | Note
-------+----------+-------------------------------------------
     0 | D:1      | Chiseanne the Demonspawn Wanderer began the quest for the
                  | Orb.
     0 | D:1      | Chiseanne set off with the following items: a +0 dagger, a
                  | scroll of blinking, a potion of curing, a scroll of
                  | teleportation, a +0 robe, a potion of berserk rage
     0 | D:1      | Reached XP level 1. HP: 19/19 MP: 1/1
   495 | D:1      | Gained mutation: You have sharp fingernails. [demonic
                  | ancestry]
   495 | D:1      | Reached XP level 2. HP: 8/25 MP: 2/2
   700 | D:1      | Quit the game

Illustrated notes

Levels and vault maps discovered:
D:1:      sevenhm_arrival_forest_fort_large_4, layout_basic

Action                   || total
-------------------------++-------
Melee: Dagger            ||    41
 Stab: Sleeping          ||     1
Armor: Robe              ||     5
Dodge: Dodged            ||    20

Table legend: (Time is in decaauts)
 A = Elapsed time spent in this place.
 B = Non-inter-level travel time spent in this place.
 C = Inter-level travel time spent in this place.
 D = Time resting spent in this place.
 E = Time spent auto-exploring this place.
 F = Levels seen in this place.
 G = Mean time per level.
                   A        B        C        D        E       F      G
               +--------+--------+--------+--------+--------+-----+--------+
         Total |    697 |    697 |      0 |    463 |    168 |   1 |  697.0 |
       Dungeon |    697 |    697 |      0 |    463 |    168 |   1 |  697.0 |
               +--------+--------+--------+--------+--------+-----+--------+

Top non-repeatable levels by time:
     D:1: 697 daAuts
